 Dungeon Crawl Stone Soup version 0.29-a0-919-gd064cfad1c (webtiles) character file.

Game seed: 3261810779893066447

98454 Pooter the Severer (level 15, -6/149 HPs)
             Began as a Minotaur Berserker on July 25, 2022.
             Was a Priest of Trog.
             Shot with an arrow by a naga sharpshooter (16 damage)
             ... on level 1 of the Snake Pit on July 27, 2022.
             The game lasted 02:46:54 (33834 turns).

Pooter the Severer (Minotaur Berserker)            Turns: 33834, Time: 02:46:55

Health: -6/149     AC: 22    Str: 30    XL:     15   Next: 74%
Magic:  14/14      EV: 12    Int:  6    God:    Trog [***...]
Gold:   209        SH:  5    Dex: 15    Spells: 14/14 levels left

rFire   . . .      SeeInvis .   a - +9 battleaxe
rCold   + + .      Faith    .   (shield currently unavailable)
rNeg    . . .      Spirit   .   U - +3 plate armour {rC+}
rPois   +          Reflect  +   (helmet unavailable)
rElec   .          Harm     +   H - scarf {harm}
rCorr   .          Rampage  .   e - +2 pair of gloves
Will    +++..                   v - +4 pair of boots "Ceyn" {Str+4 Dex+4 Slay+3}
Stlth   ..........              x - amulet of reflection
HPRegen 1.34/turn               V - +4 ring of evasion
MPRegen 0.14/turn               P - ring of poison resistance

@: strong-willed, on berserk cooldown, regenerating, slowed, studying Fighting,
very slow
A: horns 3, retaliatory headbutt, cold resistance 1
a: Renounce Religion, Berserk, Trog's Hand


You were on level 1 of the Snake Pit.
You worshipped Trog.
Trog was most pleased with you.
You visited 4 branches of the dungeon, and saw 23 of its levels.
You visited 1 bazaar.
You also visited: Sewer.

You collected 2495 gold pieces.
You spent 2286 gold pieces at shops.

Inventory:

Hand Weapons
 a - a +9 battleaxe (weapon)
   (You took it off a wight on level 6 of the Dungeon)
 b - a +4 arbalest
   (You took it off an orc on level 2 of the Orcish Mines)
 p - a +0 war axe of flaming
   (You took it off an orc on level 11 of the Dungeon)
 E - a +4 antimagic broad axe
   (Trog gifted it to you on level 13 of the Dungeon)
 L - a +5 spear of freezing
   (You took it off a wight on level 6 of the Dungeon)
 R - a +0 demon whip of venom
   (You took it off Amaemon on level 8 of the Dungeon)
Missiles
 h - 23 boomerangs (quivered)
 m - 2 silver boomerangs
 n - 2 boomerangs of dispersal {!f}
 s - 6 atropa-tipped darts
 u - 41 poisoned darts
 C - 7 curare-tipped darts
 Q - 215 stones
 T - a throwing net {!f}
 Y - 6 javelins
Armour
 e - a +2 pair of gloves (worn)
   (You found it on level 1 of the Dungeon)
 v - the +4 pair of boots "Ceyn" (worn) {Str+4 Dex+4 Slay+3}
   (You bought it in a shop on level 2 of the Orcish Mines)

   Str:       It affects your strength (+4).
   Dex:       It affects your dexterity (+4).
   Slay:      It affects your accuracy & damage with ranged weapons and melee
   (+3).
 H - a scarf of harm (worn)
   (You found it on level 5 of the Dungeon)
 N - a scarf of invisibility
   (You found it on level 7 of the Dungeon)
 U - a +3 plate armour of cold resistance (worn)
   (You took it off an orc knight on level 10 of the Dungeon)
 X - a +2 pair of boots of flying
   (You bought it in a shop in a bazaar)
Jewellery
 x - an amulet of reflection (around neck)
   (You found it on level 4 of the Dungeon)
 F - a +6 ring of dexterity
   (You found it on level 2 of the Lair of Beasts)
 K - a +4 ring of protection
   (You found it on level 3 of the Lair of Beasts)
 P - a ring of poison resistance (right hand)
   (You found it on level 1 of the Lair of Beasts)
 S - a ring of see invisible
   (You bought it in a shop on level 12 of the Dungeon)
 V - a +4 ring of evasion (left hand)
   (You found it on level 8 of the Dungeon)
Wands
 d - a wand of iceblast (25)
   (You found it on level 6 of the Dungeon)
 f - a wand of flame (43)
   (You found it on level 7 of the Dungeon)
 r - a wand of charming (3)
   (You found it on level 2 of the Lair of Beasts)
 D - a wand of digging (8)
   (You found it on level 7 of the Dungeon)
Scrolls
 i - a scroll of identify {@r1}
 l - 3 scrolls of immolation {!r}
 t - a scroll of teleportation {@r4}
 y - 2 scrolls of poison {!r}
 z - 2 scrolls of silence
 I - a scroll of fog
 O - a scroll of summoning
 W - 4 scrolls of fear
Potions
 c - 4 potions of attraction {!q}
 g - 2 potions of ambrosia
 j - 2 potions of heal wounds {@q2}
 k - 2 potions of haste {@q3}
 o - 8 potions of lignification {!q}
 q - 2 potions of might
 w - 8 potions of curing {@q1}
 A - a potion of resistance
 G - 3 potions of cancellation
 M - a potion of mutation {!q}


   Skills:
 + Level 17.8 Fighting
 * Level 20.6 Axes
 * Level 15.9 Ranged Weapons
 + Level 6.7 Throwing
 - Level 2.4 Armour
 - Level 2.1 Dodging
 + Level 9.9 Evocations


You had 14 spell levels left.
You didn't know any spells.
Your spell library was empty.

Dungeon Overview and Level Annotations

Branches:
Dungeon (15/15)            Temple (0/1) D:5            Lair (5/5) D:11
 Shoals (0/4) Lair:3        Snake (1/4) Lair:3        Slime (0/5) Lair:5
    Orc (2/2) D:10            Elf (0/3) Orc:2        Vaults (0/5) D:13
 Depths (0/4) D:15          Sewer (visited)

Altars:
Gozag
Ru
Uskayaw
Vehumet
Wu Jian
Yredelemnul
The Shining One
Jiyva
Lugonu

Shops:
D:4 :   D:5 (   D:6 =   D:11 ?!   D:12 *==[(   Orc:2 [:[?[*

Portals:
Abyss: Lair:5


Innate Abilities, Weirdness & Mutations

You have a pair of large horns on your head.
You reflexively headbutt those who attack you in melee.
Your flesh is cold resistant. (rC+)


Message History

The anaconda constricts you.
* * * LOW HITPOINT WARNING * * *
The salamander hits you from afar with a +1 trident.
* * * LOW HITPOINT WARNING * * *
You are engulfed in flames!
* * * LOW HITPOINT WARNING * * *
You escape the anaconda's grasp.
Found a potion of brilliance.
A naga sharpshooter comes into view. It is wielding a +0 trident.
The anaconda grabs you.
The anaconda bites you but does no damage.
The anaconda constricts you.
* * * LOW HITPOINT WARNING * * *
The black mamba barely misses you.
Things that are here:
a +0 war axe; a naga corpse You slice the salamander!!
You kill the salamander!
Trog accepts your kill.
You closely miss the black mamba. You chop the anaconda into pieces!!!
You kill the anaconda!
Trog accepts your kill. You block the black mamba's attack.
You slash the black mamba! You headbutt the black mamba!
You kill the black mamba!
Trog accepts your kill. The naga spits poison at you.
The splash of poison hits you but does no damage.
You resist.
Unknown command.
Found 23 gold pieces.
There is a stone staircase leading down, spattered with blood here.
You barely miss the naga. The naga hits you with a +0 mace!!
* * * LOW HITPOINT WARNING * * *
The naga grabs you. The naga constricts you.
The naga's grasp on you weakens, but your attempt to escape fails.
A naga sharpshooter comes into view. It is wielding a +0 halberd.
The naga closely misses you. You furiously retaliate!
You headbutt the naga. The naga constricts you.
Unknown command.
Unknown command.
You slice the naga!!
You kill the naga!
Trog accepts your kill.
You are no longer berserk.
You are exhausted.
You feel yourself slow down.
The naga sharpshooter unwields a +0 halberd.
The naga sharpshooter wields a +0 longbow.
The naga sharpshooter shoots an arrow.
The arrow hits you!
You die...

.# #............ ... .##
#..........)#..#.#
..####.........#.#..#.#.
#...........##.#........
##.....†.!..#...........
^..##.#.......#.#.......
#.....#....##.....?...!.
..#####...##...)#......N
.## #......##)@# ##.
.######...#.# ##.)N...#
.........##..# ###......
.............. ......
.........## .## .....
#...... ..... .......
.... ....... ..$.
.......


You could see 2 naga sharpshooters.

Vanquished Creatures
  Agnes (D:15)
  An orc warlord (Orc:1)
  The ghost of Nialiw the Quickloader, a journeyman GnHu of Okawaru (D:13)
  The ghost of Daelid the Impaler, a journeyman MfGl of Yredelemnul (Lair:4)
  Josephine (Lair:5)
  A vault guard (D:13)
  A boulder beetle (shapeshifter) (Lair:5)
  2 boulder beetles
  6 hydras
  An anaconda (Snake:1)
  2 catoblepae
  2 two-headed ogres (D:12)
  Erica (D:9)
  2 naga warriors (Snake:1)
  A naga sharpshooter (Snake:1)
  A death yak (Lair:3)
  4 thrashing horrors (Lair:5)
  3 shock serpents (Snake:1)
  Amaemon (D:8)
  A death drake (shapeshifter) (Lair:5)
  A bog body (Lair:3)
  Pikel (D:4)
  A lindwurm (Lair:4)
  A necromancer (D:15)
  A phantasmal warrior (D:14)
  2 wizards
  6 orc knights
  6 deep elf pyromancers
  3 manticores
  A harpy (shapeshifter) (D:14)
  A mana viper (Snake:1)
  An ugly thing (Lair:5)
  2 orc sorcerers
  8 cyclopes
  2 salamanders (Snake:1)
  31 elephants
  A centaur zombie (D:15)
  7 black mambas
  A merfolk siren (Lair:3)
  A naga mage (D:15)
  A black mamba (shapeshifter) (D:15)
  13 cane toads
  A smoke demon (Lair:5)
  A torpor snail (Lair:4)
  A centaur skeleton (D:15)
  2 gargoyles (D:11)
  An orange demon (D:8)
  A kobold demonologist (D:12)
  An anaconda simulacrum (Lair:3)
  5 komodo dragons
  4 rime drakes
  An efreet (D:13)
  2 ice devils (Lair:3)
  3 ancient zymes (Lair:5)
  3 meliai (D:14)
  2 tengu conjurers
  5 trolls
  A hornet (D:9)
  5 polar bears
  8 dream sheep
  12 blink frogs
  A wolf spider simulacrum (D:15)
  Grinder (Sewer)
  Sigmund (D:4)
  2 shadows
  2 vampires
  2 large abominations (Lair:5)
  2 ynoxinuls (Lair:5)
  7 wyverns
  6 basilisks
  56 yaks
  4 wraiths
  2 chaos spawn (Lair:5)
  17 vampire mosquitoes
  2 steam dragons
  Menkaure (D:4)
  A hog (shapeshifter) (D:14)
  4 neqoxecs (D:13)
  4 acid dragons
  5 nagas
  7 wargs
  17 water moccasins
  4 black bears
  3 ice beasts
  37 orc warriors
  3 boggarts (D:14)
  28 wolves
  5 ogres
  13 centaurs
  6 bullfrogs
  2 necrophages (D:7)
  4 kobold brigands
  A scorpion (D:6)
  13 small abominations (Lair:5)
  4 wights (D:6)
  8 killer bees (D:9)
  2 jellies
  A howler monkey (D:6)
  9 electric eels
  5 quasits
  3 hounds
  A lava snake (D:14)
  A gnoll bouda (D:8)
  22 orc priests
  3 iguanas
  10 hell rats
  23 orc wizards
  2 wolf simulacra (Lair:3)
  A boggart simulacrum (D:14)
  5 gnolls (D:8)
  7 adders
  3 shadow imps
  3 white imps
  5 ufetubi
  3 worms
  2 dart slugs
  84 orcs
  A ball python (Sewer)
  4 endoplasms
  6 giant cockroaches
  4 goblins
  10 hobgoblins
  4 jackals (D:3)
  31 kobolds
  8 bats
  6 frilled lizards
  4 rats
733 creatures vanquished.

Vanquished Creatures (collateral kills)
  A vampire mosquito (D:9)
  A bullfrog (D:9)
  4 kobolds (D:9)
6 creatures vanquished.

Vanquished Creatures (others)
  An orc priest (Orc:2)
  An orc wizard (Orc:2)
  2 orcs (Orc:2)
  An endoplasm (Sewer)
  29 fungi
  38 plants
72 creatures vanquished.

Grand Total: 811 creatures vanquished

Notes
Turn   | Place    | Note
-------+----------+-------------------------------------------
     0 | D:1      | Pooter the Minotaur Berserker began the quest for the Orb.
     0 | D:1      | Reached XP level 1. HP: 19/19 MP: 0/0
   129 | D:1      | Found a faded altar of an unknown god.
   281 | D:1      | Reached skill level 4 in Axes
   508 | D:1      | Reached XP level 2. HP: 24/27 MP: 1/1
  1083 | D:2      | Reached XP level 3. HP: 33/33 MP: 2/2
  1103 | D:2      | Reached ** piety under Trog
  1787 | D:3      | Reached skill level 5 in Axes
  2429 | D:4      | Noticed a black bear
  2439 | D:4      | Reached XP level 4. HP: 41/41 MP: 3/3
  2444 | D:4      | Killed a black bear
  2445 | D:4      | Reached skill level 5 in Fighting
  2445 | D:4      | Reached skill level 6 in Axes
  2445 | D:4      | Reached XP level 5. HP: 44/48 MP: 4/4
  2465 | D:4      | Noticed a lemure
  2465 | D:4      | Noticed Pikel
  2465 | D:4      | Noticed a lemure
  2465 | D:4      | Noticed a lemure
  2470 | D:4      | Noticed a lemure
  2511 | D:4      | Killed Pikel
  2512 | D:4      | Reached skill level 8 in Axes
  2512 | D:4      | Reached XP level 6. HP: 58/58 MP: 5/5
  2512 | D:4      | Reached XP level 7. HP: 64/64 MP: 6/6
  2536 | D:4      | Found Lomne's Self-Improvement Boutique.
  2551 | D:4      | Noticed Menkaure
  2666 | D:4      | Found a glowing drain.
  2682 | Sewer    | Entered a sewer
  2987 | Sewer    | Found a burning altar of Makhleb.
  2995 | Sewer    | Noticed Grinder
  3000 | Sewer    | Reached skill level 9 in Axes
  3006 | Sewer    | Killed Grinder
  3017 | Sewer    | Reached XP level 8. HP: 73/73 MP: 7/7
  3133 | Sewer    | Reached *** piety under Trog
  3305 | D:4      | Killed Menkaure
  3306 | D:4      | Reached skill level 10 in Axes
  3509 | D:4      | Noticed Sigmund
  3515 | D:4      | Killed Sigmund
  3718 | D:5      | Entered Level 5 of the Dungeon
  3912 | D:5      | Reached skill level 11 in Axes
  3965 | D:5      | Identified a scroll of acquirement
  3965 | D:5      | Acquired a +3 war axe of venom
  4051 | D:5      | Found a staircase to the Ecumenical Temple.
  4395 | D:5      | Found Ilas's Weapon Shop.
  4674 | D:6      | Reached skill level 12 in Axes
  4674 | D:6      | Reached XP level 9. HP: 63/82 MP: 8/8
  4676 | D:6      | Reached skill level 1 in Throwing
  4807 | D:6      | Reached skill level 1 in Evocations
  4886 | D:6      | Found Seocaid's Jewellery Emporium.
  5589 | D:7      | Reached skill level 1 in Ranged Weapons
  5932 | D:7      | You fall into a shaft and drop 2 floors!
  6702 | D:8      | Noticed an orange demon
  6703 | D:8      | Noticed Amaemon
  6713 | D:8      | Killed Amaemon
  6714 | D:8      | Reached skill level 13 in Axes
  6728 | D:8      | Killed an orange demon
  6729 | D:8      | Reached XP level 10. HP: 52/93 MP: 9/9
  7311 | D:9      | Noticed Erica
  7320 | D:9      | Reached skill level 5 in Ranged Weapons
  7323 | D:9      | Reached skill level 10 in Fighting
  7331 | D:9      | Killed Erica
  7520 | D:9      | Found a radiant altar of Vehumet.
  7598 | D:9      | Paralysed by a hornet for 2 turns
  7601 | D:9      | Reached skill level 14 in Axes
  8111 | D:9      | Found a basalt altar of Yredelemnul.
  8198 | D:9      | Identified the +1 robe "Fimexziv" {rElec}
  8311 | D:10     | Entered Level 10 of the Dungeon
  8311 | D:10     | Found a staircase to the Orcish Mines.
  8583 | Orc:1    | Entered Level 1 of the Orcish Mines
  8583 | Orc:1    | Noticed an orc knight
  8589 | Orc:1    | Noticed a cyclops
  9292 | D:10     | Found a sacrificial altar of Ru.
  9382 | D:10     | Reached XP level 11. HP: 73/101 MP: 10/10
  9850 | D:10     | Killed an orc knight
 10282 | Orc:2    | Entered Level 2 of the Orcish Mines
 10443 | Orc:2    | Reached skill level 5 in Evocations
 10579 | Orc:2    | Found a staircase to the Elven Halls.
 10599 | Orc:2    | Reached skill level 15 in Axes
 11234 | Orc:2    | Noticed an orc knight
 11530 | D:11     | Found Odghap's Magic Scroll Shop.
 11579 | D:11     | Bought a scroll of silence for 152 gold pieces
 11579 | D:11     | Bought a scroll of identify for 32 gold pieces
 11579 | D:11     | Bought a scroll of enchant weapon for 120 gold pieces
 11806 | D:11     | Found a staircase to the Lair.
 12042 | D:11     | Acquired a manual of Fighting
 12106 | D:11     | Found Qibucopei's Distillery.
 12186 | D:11     | Identified the +6 mace of Sacocops {protect, rN+}
 12770 | D:11     | Reached XP level 12. HP: 112/112 MP: 11/11
 13102 | Lair:1   | Entered Level 1 of the Lair of Beasts
 13135 | Lair:1   | Reached skill level 16 in Axes
 13176 | Lair:1   | Reached skill level 10 in Ranged Weapons
 13850 | Lair:1   | Noticed an eight-headed hydra
 13857 | Lair:1   | Killed a five-headed hydra
 14224 | Lair:2   | Reached **** piety under Trog
 14635 | Lair:2   | Found a glowing golden altar of the Shining One.
 15080 | Lair:3   | Reached skill level 17 in Axes
 15285 | Lair:3   | Noticed a death yak
 15309 | Lair:3   | Killed a death yak
 15530 | Lair:3   | Noticed a six-headed hydra
 15541 | Lair:3   | Killed a five-headed hydra
 15542 | Lair:3   | Reached XP level 13. HP: 46/123 MP: 12/12
 15865 | Lair:3   | Found a staircase to the Snake Pit.
 17052 | Lair:3   | Found a staircase to the Shoals.
 17235 | Lair:4   | Found an opulent altar of Gozag.
 17505 | Lair:4   | Reached skill level 18 in Axes
 17902 | Lair:4   | Found a runed translucent door.
 17902 | Lair:4   | Noticed Daelid's ghost (journeyman MfGl)
 18487 | Lair:5   | Entered Level 5 of the Lair of Beasts
 18499 | Lair:5   | Reached skill level 15 in Fighting
 19190 | Lair:5   | Reached XP level 14. HP: 135/135 MP: 13/13
 19488 | Lair:5   | Noticed Josephine
 19499 | Lair:5   | Killed Josephine
 19810 | Lair:5   | Found a viscous altar of Jiyva.
 19812 | Lair:5   | Found a staircase to the Slime Pits.
 19846 | Lair:5   | Reached skill level 19 in Axes
 19970 | Lair:5   | HP: 7/204 [small abomination (21)]
 21466 | Lair:5   | Found a corrupted altar of Lugonu.
 21466 | Lair:5   | Found a one-way gate to the infinite horrors of the Abyss.
 21475 | Lair:5   | Identified the +5 sling of Usoru {freeze, rElec rCorr MP+9}
 21764 | D:12     | Reached ***** piety under Trog
 21943 | D:12     | Reached skill level 5 in Throwing
 21967 | D:12     | Found Suoptuc's Antique Weapon Shoppe.
 22098 | D:12     | Found Totaf's Armour Boutique.
 22272 | D:12     | Found Dulot's General Store.
 22276 | D:12     | Bought a scroll of identify for 32 gold pieces
 22276 | D:12     | Bought 3 scrolls of enchant weapon for 360 gold pieces
 22310 | D:12     | Found Cane's Jewellery Shoppe.
 22313 | D:12     | Bought a ring of see invisible for 165 gold pieces
 22393 | D:12     | Found Nenemyeze's Jewellery Boutique.
 22931 | D:13     | Noticed Nialiw's ghost (journeyman GnHu)
 22933 | D:13     | Found a transporter.
 23256 | D:13     | Found a gate to the Vaults.
 23340 | D:13     | Found a transporter.
 24064 | D:13     | Received a gift from Trog
 24157 | D:13     | Upgraded the game from 0.29-a0-911-g88e6f02907 to
                  | 0.29-a0-919-gd064cfad1c
 24333 | D:14     | Found a flickering gateway to a bazaar.
 24338 | Bazaar   | Entered a bazaar
 24476 | Bazaar   | Found Noynua's Book Shop.
 24494 | Bazaar   | Found Byanlemu's Jewellery Boutique.
 24497 | Bazaar   | Found Xot Acua's Book Emporium.
 24507 | Bazaar   | Found Tiywanus's Antique Armour Emporium.
 24516 | Bazaar   | Found Quseaf's Antique Armour Emporium.
 24534 | Bazaar   | Bought a pair of glowing boots for 120 gold pieces
 24699 | D:14     | Reached XP level 15. HP: 133/146 MP: 14/14
 24949 | D:14     | Reached skill level 15 in Ranged Weapons
 25483 | D:14     | Found a hide-covered altar of Uskayaw.
 25610 | D:15     | Entered Level 15 of the Dungeon
 25650 | D:15     | Identified the +0 plate armour of Kuiv {Harm rF+}
 26180 | D:15     | Found a staircase to the Depths.
 26188 | D:15     | Reached skill level 20 in Axes
 26238 | D:15     | Found an ornate altar of the Wu Jian Council.
 26403 | D:15     | Noticed Agnes
 26412 | D:15     | Killed Agnes
 27764 | D:13     | Gained mutation: You are clumsy. (Dex -2) [a neqoxec]
 27765 | D:13     | Gained mutation: Your body sometimes deteriorates upon
                  | taking damage. [a neqoxec]
 27801 | D:13     | Killed Nialiw's ghost
 28144 | Lair:4   | Killed Daelid's ghost
 28338 | Orc:1    | Lost mutation: Your body sometimes deteriorates upon taking
                  | damage. [potion of mutation]
 28338 | Orc:1    | Lost mutation: You are clumsy. (Dex -2) [potion of
                  | mutation]
 28338 | Orc:1    | Gained mutation: You have a pair of large horns on your
                  | head. [potion of mutation]
 28338 | Orc:1    | Gained mutation: Your flesh is cold resistant. (rC+)
                  | [potion of mutation]
 30074 | Orc:2    | Found Ziafof's Armour Emporium.
 30185 | Orc:2    | Bought the +4 pair of boots "Ceyn" {Str+4 Dex+4 Slay+3} for
                  | 1035 gold pieces
 30199 | Orc:2    | Found Muarpheu's General Store.
 30235 | Orc:2    | Found Ruqoliz's Armour Emporium.
 30235 | Orc:2    | Found Gyeth's Magic Scroll Shop.
 30235 | Orc:2    | Found Vurrageq's Book Shoppe.
 30235 | Orc:2    | Found Ojigu's Antique Armour Boutique.
 31087 | Orc:2    | Bought a scroll of identify for 30 gold pieces
 32006 | Orc:1    | Noticed an orc warlord
 32015 | Orc:1    | Killed an orc warlord
 32262 | Orc:2    | Bought 2 potions of cancellation for 240 gold pieces
 32718 | Snake:1  | Entered Level 1 of the Snake Pit
 33834 | Snake:1  | Shot with an arrow by a naga sharpshooter

Illustrated notes

Levels and vault maps discovered:
D:1:      dpeg_arrival_arbitrary_a, layout_basic,
          ebering_ecumenical_altar_abandoned
D:2:      layout_basic, grunt_ministairs_10
D:3:      layout_loops_ring, corner_web_ring
D:4:      layout_basic, cheibrodos_sewer_entry_bend, nicolae_shop_self_help,
          uniq_sigmund, uniq_pikel, uniq_menkaure
D:5:      layout_gridville, minmay_temple_entry_mist, serial_shops,
          nicolae_shop_behind_doors, minmay_misc_feat_enclosed,
          kennysheep_flooded_box, grunt_ministairs_2, uniq_grinder
D:6:      layout_basic, serial_shops, nicolae_square_shop
D:7:      layout_rooms
D:8:      layout_loops_ring, minmay_misc_feat_more_columns, uniq_amaemon
D:9:      layout_rooms, mainiacjoe_overflow_catwalk, vehumet_altar_wand_db,
          kennysheep_small_spiral, uniq_erica
D:10:     layout_loops_cross, nicolae_ru_awakened_eye, david_orc_3, hex_large
D:11:     layout_basic, minmay_lair_entry_grove, serial_shops,
          nicolae_stop_n_shop_1, nicolae_take_the_stairs, nooodl_orcs_dogs
D:12:     layout_basic, serial_shops, nicolae_shop_crystal, shop,
          nicolae_shop_window_shopping, nicolae_shop_window_shopping, shop,
          small_statue_intersection
D:13:     layout_roguey, david_vaults_5, gammafunk_ghost_stat_death
D:14:     layout_roguey, serial_shops, bzr_entry_road, nicolae_uskayaw_suspiria,
          nicolae_concentric_dashed_squares_mild, minmay_three_doors
D:15:     grunt_enter_depths_magical_seal, layout_stronghold,
          nzn_wu_jian_contemplation, small_statue_alley_a, uniq_agnes
Lair:1:   layout_small_grid, hibernation_bobbens, grunt_megastairs_4
Lair:2:   layout_misc_corridors, basic_altar, grunt_megastairs_5
Lair:3:   dreamdust_isle_of_ice, layout_gridlike, elwin_shoals_entry_rooms,
          minmay_snake_entry_guardpost_small, grunt_megastairs_3,
          infiniplex_staircase_pool_2
Lair:4:   layout_gridlike, gammafunk_ghost_grave, basic_altar,
          infiniplex_staircase_pool
Lair:5:   hellmonk_lair_end_abyssal_woods, layout_hall_layers, slime_entry_1,
          grunt_megastairs_2, uniq_josephine
Snake:1:  layout_rooms, basic_altar
Orc:1:    layout_diamond_mine
Orc:2:    st_orc_rangers, layout_caves, serial_shops, nicolae_square_shop,
          nicolae_shop_waterfront

Skill      XL: |  1  2  3  4  5  6  7  8  9 10 11 12 13 14 15 |
---------------+----------------------------------------------+-----
Axes           | 4 5 6 8 9 12 13 14 15 17 18 19 20 | 20.6
Fighting       | 4 5 6 7 8 9 10 11 13 15 16 17 | 17.8
Throwing       | 1 3 5 6 |  6.7
Evocations     | 3 4 5 7 8 9 |  9.9
Ranged Weapons | 4 7 9 11 13 14 15 | 15.9
Armour         | |  2.4
Dodging        | |  2.1

Action                   |  1- 3 |  4- 6 |  7- 9 | 10-12 | 13-15 || total
-------------------------+-------+-------+-------+-------+-------++-------
Melee: Hand axe          |   125 |    11 |     2 |       |       ||   138
       Headbutt          |    11 |       |    26 |    72 |   120 ||   229
       Punch             |     1 |       |       |       |       ||     1
       Whip              |       |       |    86 |       |       ||    86
       War axe           |       |       |    52 |     8 |     5 ||    65
       Battleaxe         |       |       |    55 |   320 |   558 ||   933
       Broad axe         |       |       |       |       |    30 ||    30
 Fire: Sling             |       |       |    18 |       |       ||    18
       Shortbow          |       |       |     6 |    36 |       ||    42
       Arbalest          |       |       |       |   144 |   313 ||   457
Throw: Dart              |       |       |    28 |     5 |    10 ||    43
       Boomerang         |       |       |     4 |       |    38 ||    42
       Javelin           |       |       |       |       |     2 ||     2
Invok: Berserk           |     1 |     1 |    11 |     7 |    18 ||    38
       Trog's Hand       |       |     1 |     9 |    23 |    40 ||    73
Evoke: Wand              |       |       |     1 |    17 |    18 ||    36
  Use: Scroll            |     3 |     2 |     9 |    12 |    22 ||    48
       Potion            |       |       |       |     1 |     8 ||     9
 Stab: Sleeping          |     1 |       |       |       |       ||     1
       Invisible         |       |       |       |       |     5 ||     5
       Distracted        |       |       |       |       |     1 ||     1
Armor: Animal skin       |    19 |       |       |       |       ||    19
       Ring mail         |    24 |     2 |    39 |       |       ||    65
       Scale mail        |       |       |    27 |       |       ||    27
       Chain mail        |       |       |    34 |    37 |       ||    71
       Plate armour      |       |       |       |   159 |   397 ||   556
Dodge: Dodged            |    54 |     5 |   116 |   230 |   233 ||   638
Block: Other             |       |       |    73 |   113 |   164 ||   350
       Reflection        |       |       |     2 |    14 |    19 ||    35

Table legend: (Time is in decaauts)
 A = Elapsed time spent in this place.
 B = Non-inter-level travel time spent in this place.
 C = Inter-level travel time spent in this place.
 D = Time resting spent in this place.
 E = Time spent auto-exploring this place.
 F = Levels seen in this place.
 G = Mean time per level.
                   A        B        C        D        E       F      G
               +--------+--------+--------+--------+--------+-----+--------+
         Total |  34376 |  32557 |   1819 |  11791 |  15065 |  25 | 1375.0 |
       Dungeon |  17712 |  16555 |   1157 |   4524 |   9110 |  15 | 1180.8 |
          Lair |   9301 |   8887 |    414 |   2507 |   4963 |   5 | 1860.2 |
     Snake Pit |    831 |    831 |      0 |    642 |     67 |   1 |  831.0 |
  Orcish Mines |   5731 |   5485 |    246 |   3855 |    665 |   2 | 2865.5 |
        Bazaar |    235 |    235 |      0 |      0 |    181 |   1 |  235.0 |
         Sewer |    564 |    564 |      0 |    263 |     78 |   1 |  564.0 |
               +--------+--------+--------+--------+--------+-----+--------+

Top non-repeatable levels by time:
   Orc:2: 3779 daAuts
  Lair:5: 2957 daAuts
  Lair:3: 2638 daAuts
   Orc:1: 1952 daAuts
    D:10: 1803 daAuts
    D:11: 1803 daAuts
    D:15: 1630 daAuts
  Lair:4: 1609 daAuts
    D:13: 1506 daAuts
     D:9: 1314 daAuts
    D:14: 1295 daAuts
    D:12: 1282 daAuts
  Lair:1: 1195 daAuts
     D:8: 1058 daAuts
     D:1: 977 daAuts
